 Dungeon Crawl Stone Soup version 0.30-a0-782-ge64f9170bb (webtiles) character file.

Game seed: 9625608037840377755

363 Ge0ff the Ruffian (level 6, 0/56 HPs)
             Began as a Naga Transmuter on Feb 28, 2023.
             Killed from afar by a white imp (12 damage)
             ... with a puff of frost
             ... summoned by Natasha
             ... on level 4 of the Dungeon.
             The game lasted 00:11:17 (3215 turns).

Ge0ff the Ruffian (Naga Transmuter)                 Turns: 3215, Time: 00:11:17

Health: 0/56       AC:  3    Str: 12    XL:     6   Next: 67%
Magic:  9/9        EV:  6    Int: 22    God:
Gold:   130        SH:  0    Dex: 11    Spells: 1/9 levels left

rFire   . . .      SeeInvis +      - Unarmed
rCold   . . .      Faith    .    (no shield)
rNeg    . . .      Spirit   .    a - +0 robe
rPois   +          Reflect  .    (helmet currently unavailable)
rElec   .          Harm     .    (no cloak)
rCorr   .          Rampage  .    (no gloves)
Will    .....                    (no barding)
Stlth   ++                       (no amulet)
HPRegen 0.29/turn                Y - ring of wizardry
MPRegen 0.11/turn                S - +6 ring of intelligence {=R}

@: appendages, grasped by roots, constricted, very slow
A: horns 2, AC +2, large, see invisible, deformed body, poison resistance,
slowness 2, spit poison 1, naga tail 1
a: Spit Poison, End Transformation


You were on level 4 of the Dungeon.
You had temporarily grown beastly horns.
You visited 1 branch of the dungeon, and saw 4 of its levels.
You also visited: Sewer.

You collected 220 gold pieces.
You spent 90 gold pieces at shops.

Inventory:

Hand Weapons
 b - a +2 dagger of protection
Missiles
 O - 32 stones
 U - 4 boomerangs
 W - 12 poisoned darts
Armour
 a - a +0 robe (worn)
 X - the +1 robe of the Endless Expanse {+Blink rC+ Will+ Slay-3}
   (You found it on level 2 of the Dungeon)

   Slay:      It affects your accuracy & damage with ranged weapons and melee
   (-3).
   rC:        It protects you from cold.
   +Blink:    It lets you blink.
   Will:      It increases your willpower.
Jewellery
 N - a ring of protection from fire
 S - a +6 ring of intelligence (right hand) {=R}
 Y - a ring of wizardry (left hand)
Scrolls
 i - a scroll of identify
 y - 3 scrolls of immolation
 E - a scroll of fear
 I - a scroll of fog {unknown}
 J - a scroll of silence {!r}
 P - a scroll of amnesia
 T - a scroll of teleportation
 V - a scroll of poison {unknown}
Potions
 q - 6 potions of curing
 K - a potion of haste {unknown}
 L - a potion of lignification
 M - 2 potions of might
 Q - a potion of attraction {unknown}
 R - 2 potions of resistance
 Z - a potion of invisibility {unknown}


   Skills:
 - Level 3.0 Fighting
 - Level 1.5 Dodging
 - Level 2.0 Stealth
 + Level 4.4 Unarmed Combat
 + Level 2.3 Spellcasting
 + Level 3.3 Transmutations
 + Level 1.1 Ice Magic
 + Level 3.7 Poison Magic


You had one spell level left.
You knew the following spells:

 Your Spells              Type           Power      Damage    Failure   Level
a - Ice Form              Ice/Tmut       12%        N/A       21%         4
b - Spider Form           Tmut/Pois      18%        N/A       4%          3
s - Beastly Appendage     Tmut           34%        N/A       1%          1

Your spell library contained the following spells:

 Spells                   Type           Power      Damage    Failure   Level
 Apportation              Tloc           4%         N/A       5%          1
 Necrotise                Necr           8%         1d4       5%          1
 Summon Small Mammal      Summ           8%         N/A       5%          1
 Wereblood                Tmut           17%        N/A       2%          2


Dungeon Overview and Level Annotations

Branches:
Dungeon (4/15) Zot: 20372   Sewer (visited)
 Temple: D:4-7

Altars:
Kikubaaqudgha
Yredelemnul
Zin

Annotations:
D:4 Edmund, Natasha


Innate Abilities, Weirdness & Mutations

You have temporarily grown beastly horns.
Your serpentine skin is tough. (AC +2)
You have supernaturally acute eyesight. (SInv)
Armour fits poorly on your strangely shaped body.
Your system is resistant to poisons. (rPois)
You cover ground very slowly.
You can spit poison.
You have a snake-like lower body.


Message History

Your transformation is almost over.
W - 12 poisoned darts (gained 2)
Your horns disappear.
y - 3 scrolls of immolation (gained 1)
O - 32 stones (gained 4)
I - a scroll labelled XUYMOMIATS Natasha, Servant of Life and Death comes into view.
She is carrying a wand of roots (3).
Natasha hisses angrily.
The splash of poison hits Natasha.
Natasha is moderately wounded.
Casting: Beastly Appendage (safe; 1% risk of failure)
Confirm with . or Enter, or press ? or * to list all spells.
You grow a pair of large bovine horns.
Natasha claws you!
You barely miss Natasha.
Natasha is moderately wounded.
Natasha mumbles some strange words.
You barely miss Natasha.
Natasha is moderately wounded.
Natasha misses you.
You hit Natasha.
Natasha is heavily wounded.
The white imp gestures at you. The puff of frost hits you! Natasha claws you.
You hit Natasha.
Natasha is severely wounded.
Natasha casts a spell at you. The magic dart hits you!
You closely miss Natasha.
Natasha is severely wounded.
The white imp gestures at you. The puff of frost hits you. Natasha claws you.
You closely miss Natasha. Your headbutt misses Natasha.
Natasha is severely wounded.
You have got your breath back.
The white imp barely misses you. Natasha claws you.
You hit Natasha.
Natasha is almost dead.
The white imp closely misses you.
Natasha zaps a wand.
The roots erupt in riotous growth!
The grasping roots grab you!
The white imp is unaffected.
Natasha is unaffected.
The grasping roots constrict you.
* * * LOW HITPOINT WARNING * * *
You hear a bark! x2; You hear a shout! x2; You hear an angry hiss.
You hit Natasha.
Natasha is almost dead.
The white imp gestures at you. The puff of frost hits you!
You die...

#>#
#..###..####
#.# #..
#.....# ..#
##.###.###.#
####...## ..
#......## ##
#.####..#
##.......#
.....#.#..#
###....5@##
#..#.#h...#
#.......#.#
###..#### #
#.. #.. #.#
#.


You could see Natasha and a white imp (summoned).

Vanquished Creatures
  Pargi (Sewer)
  2 scorpions (D:4)
  3 adders
  A river rat (D:3)
  2 ufetubi
  A worm (D:3)
  4 dart slugs
  An orc (D:2)
  8 ball pythons
  5 bats
  9 endoplasms
  5 giant cockroaches
  7 goblins
  7 hobgoblins
  8 jackals (D:1)
  6 quokkas
  2 frilled lizards
  11 kobolds
  7 rats
90 creatures vanquished.

Notes
Turn   | Place    | Note
-------+----------+-------------------------------------------
     0 | D:1      | Ge0ff the Naga Transmuter began the quest for the Orb.
     0 | D:1      | Reached XP level 1. HP: 18/18 MP: 3/3
    70 | D:1      | Reached skill level 1 in Stealth
    77 | D:1      | Reached XP level 2. HP: 9/25 MP: 5/5
   319 | D:1      | Reached XP level 3. HP: 22/32 MP: 6/6
   626 | D:1      | Learned a level 3 spell: Spider Form
  1302 | D:2      | Reached skill level 1 in Poison Magic
  1327 | D:2      | Reached XP level 4. HP: 39/39 MP: 5/7
  1408 | D:2      | Identified the +1 robe of the Endless Expanse {+Blink rC+
                  | Will+ Slay-3}
  1811 | D:3      | Found a basalt altar of Yredelemnul.
  1814 | D:3      | Found a faded altar of an unknown god.
  1880 | D:3      | Found Zin's Purification Station.
  1883 | D:3      | Found a glowing silver altar of Zin.
  1894 | D:3      | Bought a potion of curing for 90 gold pieces
  1979 | D:3      | Found a glowing drain.
  1990 | Sewer    | Entered a sewer
  2083 | Sewer    | Noticed Pargi
  2263 | Sewer    | Killed Pargi
  2264 | Sewer    | Reached skill level 4 in Unarmed Combat
  2264 | Sewer    | Reached XP level 5. HP: 46/46 MP: 8/8
  2438 | D:3      | Learned a level 4 spell: Ice Form
  2812 | D:4      | Reached XP level 6. HP: 52/55 MP: 7/9
  2823 | D:4      | Found an ancient bone altar of Kikubaaqudgha.
  2956 | D:4      | Reached skill level 1 in Ice Magic
  3020 | D:4      | Noticed Edmund
  3204 | D:4      | Noticed Natasha
  3215 | D:4      | Killed from afar by a white imp

Illustrated notes

Levels and vault maps discovered:
D:1:      nzn_arrival_depleted_hourglass, layout_basic, serial_corexii_hall,
          corexii_hall_statues_deadend, chequers_hall_statues_corner_a,
          minmay_hedge_maze, minmay_split_cup_large
D:2:      layout_rooms
D:3:      layout_basic, zin_purify, mainiacjoe_overflow_alcove_1,
          ebering_ecumenical_altar_mist, portal_sewer_entry_e,
          kennysheep_crisscross, hangedman_decor_slide_cut, st_stairs_3
D:4:      layout_loops_cross, kiku_gazebo_garden_becter,
          minmay_temple_entry_fiery, serial_glass, glass_columns_a,
          glass_columns_c, glass_columns_a, glass_columns_a, glass_columns_a,
          glass_columns_a, uniq_natasha, uniq_duvessa, uniq_edmund

Skill      XL: |  1  2  3  4  5  6 |
---------------+-------------------+-----
Stealth        | 2 |  2.0
Fighting       | 2 3 |  3.0
Poison Magic   | 1 3 |  3.7
Transmutations | 3 |  3.3
Unarmed Combat | 4 |  4.4
Ice Magic      | 1 |  1.1
Dodging        | |  1.5
Spellcasting   | |  2.3

Action                     |  1- 3 |  4- 6 || total
---------------------------+-------+-------++-------
  Melee: Unarmed           |    80 |   105 ||   185
         Headbutt          |     7 |    10 ||    17
         Punch             |     2 |     3 ||     5
   Cast: Beastly Appendage |    13 |    16 ||    29
         Spider Form       |       |     8 ||     8
Ability: Spit Poison       |    33 |    19 ||    52
         End Transformatio |       |     1 ||     1
    Use: Scroll            |       |     8 ||     8
         Potion            |       |     1 ||     1
   Stab: Sleeping          |       |     3 ||     3
 Armour: Robe              |     8 |    16 ||    24
         Skin              |       |    15 ||    15
  Dodge: Dodged            |    31 |    47 ||    78

Table legend: (Time is in decaauts)
 A = Elapsed time spent in this place.
 B = Non-inter-level travel time spent in this place.
 C = Inter-level travel time spent in this place.
 D = Time resting spent in this place.
 E = Time spent auto-exploring this place.
 F = Levels seen in this place.
 G = Mean time per level.
                   A        B        C        D        E       F      G
               +--------+--------+--------+--------+--------+-----+--------+
         Total |   3992 |   3870 |    122 |    144 |   2764 |   5 |  798.4 |
       Dungeon |   3626 |   3504 |    122 |    144 |   2485 |   4 |  906.5 |
         Sewer |    365 |    365 |      0 |      0 |    279 |   1 |  365.0 |
               +--------+--------+--------+--------+--------+-----+--------+

Top non-repeatable levels by time:
     D:1: 1404 daAuts
     D:3: 902 daAuts
     D:2: 793 daAuts
     D:4: 525 daAuts
   Sewer: 365 daAuts
